 Dungeon Crawl Stone Soup version 0.30-a0-782-ge64f9170bb (webtiles) character file.

Game seed: 9882470887351364886

4119 Dirian the Cleaver (level 10, -3/88 HPs)
             Began as a Minotaur Fighter on Mar 5, 2023.
             Was an Initiate of Makhleb.
             Engulfed by a steam dragon's steam (4 damage)
             ... on level 8 of the Dungeon.
             The game lasted 00:10:57 (7463 turns).

Dirian the Cleaver (Minotaur Fighter)               Turns: 7463, Time: 00:10:58

Health: -3/88      AC: 12    Str: 24    XL:     10   Next: 6%
Magic:  9/9        EV:  8    Int:  5    God:    Makhleb [......]
Gold:   388        SH:  6    Dex: 11    Spells: 9/9 levels left

rFire   . . .      SeeInvis +    a - +3 war axe (flame)
rCold   . . .      Faith    .    c - +1 buckler
rNeg    . . .      Spirit   .    u - +0 chain mail
rPois   .          Reflect  .    (helmet restricted)
rElec   .          Harm     .    q - +0 cloak
rCorr   .          Rampage  .    (no gloves)
Will    .....                    (no boots) Stlth
                                 (no amulet)
HPRegen 0.34/turn                l - ring of flight
MPRegen 0.11/turn                e - ring of see invisible

@: flying
A: horns 2, retaliatory headbutt
a: Renounce Religion


You were on level 8 of the Dungeon.
You worshipped Makhleb.
Makhleb was noncommittal.
You visited 2 branches of the dungeon, and saw 9 of its levels.
You also visited: Sewer.

You collected 388 gold pieces.

Inventory:

Hand Weapons
 a - a +3 war axe of flaming (weapon)
 z - a +5 war axe
Armour
 c - a +1 buckler (worn)
 j - a +0 plate armour
 q - a +0 cloak (worn)
 u - a +0 chain mail (worn)
Jewellery
 e - a ring of see invisible (right hand)
 l - a ring of flight (left hand)
Wands
 b - a wand of roots (8)
 v - a wand of charming (8)
Scrolls
 f - a scroll of magic mapping
 h - a scroll of immolation
 r - a scroll of identify
 y - a scroll of enchant armour
 A - a scroll of fear
 B - a scroll of enchant weapon
 C - a scroll of poison {unknown}
Potions
 d - 2 potions of might
 g - 2 potions of lignification
 i - 2 potions of curing {unknown}
 k - a potion of brilliance {unknown}
 m - a potion of flight {unknown}
 n - a potion of resistance {unknown}
 o - 2 potions of mutation {unknown}
 p - a potion of cancellation {unknown}
 s - 2 potions of degeneration {unknown}
 t - a potion of ambrosia {unknown}
 w - 2 potions of heal wounds
 x - a potion of haste {unknown}


   Skills:
 + Level 7.7 Fighting
 + Level 12.1 Axes
 + Level 9.5 Armour
 + Level 6.5 Shields
 * Level 2.0 Evocations


You had 9 spell levels left.
You didn't know any spells.
Your spell library contained the following spells:

 Spells                   Type           Power      Damage    Failure   Level
 Sandblast                Erth           0%         2d4       98%         1
 Passwall                 Tmut/Erth      0%         N/A       99%         2
 Stone Arrow              Conj/Erth      0%         3d7       100%        3


Dungeon Overview and Level Annotations

Branches:
Dungeon (8/15) Zot: 26815  Temple (1/1) D:7 Zot: 5756   Sewer (visited)
   Lair: D:8-11

Altars:
Ashenzari
Cheibriados
Dithmenos
Elyvilon
Gozag
Hepliaklqana
Kikubaaqudgha
Makhleb
Nemelex Xobeh
Qazlal
Ru
Sif Muna
Trog
Uskayaw
Vehumet
Wu Jian
Xom
Yredelemnul
Zin
The Shining One

Shops:
D:3 [


Innate Abilities, Weirdness & Mutations

You have a pair of horns on your head.
You reflexively headbutt those who attack you in melee.


Message History

The steam dragon completely misses you.
You barely miss the steam dragon.
The steam dragon is severely wounded.
The steam dragon breathes steam at you.
The ball of steam misses the steam dragon.
The ball of steam hits you. The steam dragon barely misses you.
You furiously retaliate!
You headbutt the steam dragon, but do no damage.
The steam dragon claws you but does no damage.
You barely miss the steam dragon. Your headbutt misses the steam dragon.
The steam dragon is severely wounded.
You are engulfed in a cloud of scalding steam.
The steam dragon barely misses you. The steam dragon closely misses you.
You slash the steam dragon! You burn the steam dragon.
You kill the steam dragon!
Makhleb accepts your kill.
The steam dragon scales are intact enough to wear.
You are engulfed in a cloud of scalding steam.
Your Evocations skill increases to level 2!
You hit the steam dragon. You burn the steam dragon.
The steam dragon is lightly wounded.
You are engulfed in a cloud of scalding steam.
* * * LOW HITPOINT WARNING * * *
The steam dragon bites you.
* * * LOW HITPOINT WARNING * * *
The steam dragon claws you but does no damage.
You slash the steam dragon! You burn the steam dragon.
The steam dragon is heavily wounded.
The steam dragon breathes steam at you. The ball of steam hits you!!
* * * LOW HITPOINT WARNING * * *
You slash the steam dragon! You burn the steam dragon.
The steam dragon is almost dead.
You are engulfed in a cloud of scalding steam.
You block the steam dragon's attack.
The steam dragon claws you but does no damage.
You completely miss the steam dragon.
The steam dragon is almost dead.
You are engulfed in a cloud of scalding steam.
You die...

##### #......# #.#.#
#.####.# #####.#.# #.#
#.# .>##...####.## #.#
#.##.#.#.....# #.#
#.##.#.#.##..###.#
#.§..#...#.....#.#
#........#...#.#.#
##@##.)......#.#.#
#[D.##.......#.#.#
#.....#.........#.#
#....~#....##.#.#.#
#...~≈#...^...#.#.#
..~~≈##.....#####.#
~~~####.....######.#
#######............#.#
.
##.##.........#.###.#.#


You could see a steam dragon (catching breath).

Vanquished Creatures
  4 yaks (D:5)
  3 steam dragons
  Menkaure (D:5)
  An acid dragon (D:7)
  A water moccasin (D:6)
  2 orc warriors
  2 black bears
  2 ogres
  A centaur (D:7)
  A phantom (D:5)
  3 kobold brigands (Sewer)
  A bullfrog (D:7)
  A necrophage (D:7)
  3 scorpions (D:5)
  8 wights
  A howler monkey (D:6)
  A gnoll bouda (D:6)
  8 orc priests
  3 hounds
  A jelly (D:6)
  Crazy Yiuf (D:5)
  5 iguanas
  11 orc wizards
  10 gnolls
  2 river rats
  8 adders
  A shadow imp (D:8)
  6 worms
  2 dart slugs
  44 orcs
  3 bats (D:3)
  16 endoplasms
  5 giant cockroaches
  5 goblins
  4 hobgoblins
  6 jackals
  10 kobolds
  6 quokkas
  3 ball pythons
  4 frilled lizards
  9 rats
209 creatures vanquished.

Notes
Turn   | Place    | Note
-------+----------+-------------------------------------------
     0 | D:1      | Dirian the Minotaur Fighter began the quest for the Orb.
     0 | D:1      | Reached XP level 1. HP: 19/19 MP: 0/0
   182 | D:1      | Reached XP level 2. HP: 27/27 MP: 1/1
   994 | D:2      | Reached XP level 3. HP: 33/33 MP: 2/2
  1238 | D:3      | Reached skill level 3 in Axes
  1457 | D:3      | Found Doh Weuv's Antique Armour Shop.
  1517 | D:3      | Reached XP level 4. HP: 40/41 MP: 3/3
  1559 | D:3      | Found a glowing drain.
  1563 | Sewer    | Entered a sewer
  1665 | Sewer    | Reached skill level 4 in Axes
  1875 | Sewer    | Noticed a kobold brigand
  1882 | Sewer    | Killed a kobold brigand
  1883 | Sewer    | Reached XP level 5. HP: 47/47 MP: 4/4
  1897 | Sewer    | Reached skill level 5 in Axes
  1904 | Sewer    | Reached XP level 6. HP: 49/55 MP: 5/5
  2086 | Sewer    | Reached skill level 5 in Fighting
  2086 | Sewer    | Reached skill level 6 in Axes
  2086 | Sewer    | Reached skill level 5 in Armour
  2351 | D:3      | Found a snail-covered altar of Cheibriados.
  3182 | D:4      | Reached XP level 7. HP: 61/61 MP: 6/6
  3359 | D:4      | Reached skill level 7 in Axes
  3751 | D:4      | Found a white marble altar of Elyvilon.
  3941 | D:5      | Entered Level 5 of the Dungeon
  4128 | D:5      | Found a hazy altar of Hepliaklqana.
  4156 | D:5      | Noticed a yak
  4156 | D:5      | Noticed a yak
  4156 | D:5      | Noticed a yak
  4157 | D:5      | Noticed a yak
  4166 | D:5      | Killed a yak
  4167 | D:5      | Reached skill level 8 in Axes
  4167 | D:5      | Reached skill level 5 in Shields
  4167 | D:5      | Reached XP level 8. HP: 65/70 MP: 7/7
  4181 | D:5      | Reached skill level 9 in Axes
  4634 | D:5      | Noticed Menkaure
  4639 | D:5      | Killed Menkaure
  4640 | D:5      | Reached skill level 10 in Axes
  4967 | D:5      | Found a runed translucent door.
  4968 | D:5      | Noticed Crazy Yiuf
  4995 | D:5      | Found a sparkling altar of Nemelex Xobeh.
  5004 | D:5      | Found a shimmering blue altar of Sif Muna.
  5120 | D:5      | Killed Crazy Yiuf
  5189 | D:6      | Found an ornate altar of the Wu Jian Council.
  5201 | D:6      | Reached XP level 9. HP: 50/74 MP: 8/8
  5638 | D:6      | Reached skill level 11 in Axes
  6320 | D:7      | Found a glowing golden altar of the Shining One.
  6455 | D:7      | Reached skill level 1 in Evocations
  6867 | D:7      | Found a staircase to the Ecumenical Temple.
  7024 | Temple   | Entered the Ecumenical Temple
  7231 | Temple   | Became a worshipper of Makhleb the Destroyer
  7282 | D:8      | Reached skill level 12 in Axes
  7454 | D:8      | Reached XP level 10. HP: 37/88 MP: 9/9
  7461 | D:8      | HP: 1/88 [steam dragon/ball of steam (20)]
  7463 | D:8      | Engulfed by a steam dragon's steam

Illustrated notes

Levels and vault maps discovered:
D:1:      minmay_arrival_glassed_features, layout_loops_cross,
          minmay_misc_feat_doors
D:2:      layout_basic
D:3:      layout_loops_ring, cheibrodos_worm_habitat, serial_shops,
          nicolae_shop_crystal, gup_sewer_entry_spiral, minmay_close_crescents
D:4:      layout_loops_corners, lemuel_tele_altar
D:5:      layout_loops_ring, kennysheep_little_box, mainiacjoe_overflow_swirl,
          kennysheep_generic_room_13, uniq_menkaure, uniq_crazy_yiuf_cottage
D:6:      layout_rooms, nzn_wu_jian_council_hall
D:7:      layout_loops_ring, nicolae_tso_swordbearing_angel,
          minmay_temple_entry_wispy, minmay_misc_feat_nine_boxes
D:8:      cheibrodos_steamvent, layout_basic, nicolae_figureground_pulse
Temple:   oiseaux_autumnal_temple

Skill      XL: |  1  2  3  4  5  6  7  8  9 10 |
---------------+-------------------------------+-----
Fighting       | 4 5 6 7 |  7.7
Shields        | 4 5 6 |  6.5
Armour         | 4 5 6 7 9 |  9.5
Axes           | 3 4 5 6 8 10 12 | 12.1
Evocations     | 1 2 |  2.0

Action                     |  1- 3 |  4- 6 |  7- 9 | 10-12 || total
---------------------------+-------+-------+-------+-------++-------
  Melee: War axe           |    79 |   107 |   250 |    10 ||   446
         Headbutt          |     6 |     9 |    41 |     1 ||    57
    Use: Scroll            |     5 |       |     8 |       ||    13
         Potion            |       |       |     2 |       ||     2
 Armour: Scale mail        |    37 |    33 |     1 |       ||    71
         Chain mail        |       |       |    87 |     8 ||    95
  Dodge: Dodged            |    33 |    62 |    71 |     5 ||   171
  Block: Buckler           |    17 |    18 |    62 |     1 ||    98

Table legend: (Time is in decaauts)
 A = Elapsed time spent in this place.
 B = Non-inter-level travel time spent in this place.
 C = Inter-level travel time spent in this place.
 D = Time resting spent in this place.
 E = Time spent auto-exploring this place.
 F = Levels seen in this place.
 G = Mean time per level.
                   A        B        C        D        E       F      G
               +--------+--------+--------+--------+--------+-----+--------+
         Total |   7530 |   7127 |    403 |    181 |   5547 |  10 |  753.0 |
       Dungeon |   6684 |   6316 |    368 |    181 |   4897 |   8 |  835.5 |
        Temple |    243 |    208 |     35 |      0 |    191 |   1 |  243.0 |
         Sewer |    602 |    602 |      0 |      0 |    459 |   1 |  602.0 |
               +--------+--------+--------+--------+--------+-----+--------+

Top non-repeatable levels by time:
     D:4: 1358 daAuts
     D:5: 1046 daAuts
     D:6: 1021 daAuts
     D:3: 991 daAuts
     D:7: 842 daAuts
     D:1: 677 daAuts
   Sewer: 602 daAuts
     D:2: 562 daAuts
  Temple: 243 daAuts
     D:8: 184 daAuts
